[Event "Titled Tuesday Blitz August 09 Early 2022"]
[White "Aldokhin, Ivan"]
[Black "Mathieu, Phileas"]
[WhiteFideId "24115720"]
[BlackFideId "36048410"]
[WhiteElo "2246"]
[BlackElo "2138"]
[Result "1-0"]
[Round "04"]
[TimeControl "180+1"]
[Date "2022.08.09"]
[WhiteClock "0:00:06"]
[BlackClock "0:00:03"]

1. e4 c5 2. Nf3 Nc6 3. d4 cxd4 4. Nxd4 Nf6 5. Nc3 d6 6. Bc4 e6 7. Bb3 a6 8. Be3 Bd7 9. Qe2 Qc7 10. O-O-O Be7 11. g4 Nxd4 12. Rxd4 O-O 13. g5 Ne8 14. f4 f5 15. exf5 Rxf5 16. Bd2 Qc8 17. Nd5 Bd8 18. Ne3 Rf8 19. h4 Bb6 20. Re4 d5 21. Re5 Bxe3 22. Qxe3 Nd6 23. Bb4 Nf5 24. Qd3 Rf7 25. h5 a5 26. g6 Rf6 27. Bc3 a4 28. Bxd5 exd5 29. Rxd5 Bc6 30. Bxf6 gxf6 31. Rg1 Bxd5 32. Qxd5+ Kh8 33. Qf7 Qg8 34. Qxf6+ Qg7 35. Qxf5 a3 36. Qe5 axb2+ 37. Kxb2 Ra5 38. Qxg7+ Kxg7 39. h6+ Kg8 40. gxh7+ Kxh7 41. Rg7+ Kxh6 42. Rxb7 Kg6 43. Rb4 Kf5 44. a4 Ra6 45. Kb3 Ke6 46. Rc4 Kd5 47. Kc3 Rh6 48. Rd4+ Kc5 49. Rc4+ Kd5 50. a5 Ra6 51. Ra4 Kc5 52. f5 Kb5 53. Kb3 Kc5 54. Rc4+ Kb5 55. Rb4+ Kc5 56. Ra4 Kb5 57. f6 Rxf6 58. c3 Rf8 59. a6 Ra8 60. a7 Kc5 61. Ra5+ Kb6 62. Kb4 Kc6 63. c4 Kb6 64. c5+ Kc6 65. Ra6+ Kb7 66. Kb5 Kc7 67. Ra3 Kb7 68. Rh3 Kxa7 69. Ra3+ Kb7 70. Rxa8 Kxa8 71. Kc6 Kb8 72. Kd7 Kb7 73. c6+ Ka7 74. c7 Kb6 1-0


[Site "https://www.chess.com"]

[Event "Titled Tuesday Blitz August 09 Early 2022"]
[White "Altman, Joshua"]
[Black "Parpiev, Isaak"]
[WhiteFideId "426210"]
[BlackFideId "34281576"]
[WhiteElo "1945"]
[BlackElo "2049"]
[Result "1-0"]
[Round "04"]
[TimeControl "180+1"]
[Date "2022.08.09"]
[WhiteClock "0:00:47"]
[BlackClock "0:00:02"]

1. d4 Nf6 2. c4 g6 3. Nc3 Bg7 4. Nf3 O-O 5. Bg5 d6 6. e3 h6 7. Bh4 Nbd7 8. Be2 e5 9. Qc2 Qe8 10. O-O g5 11. Bg3 Nh5 12. Nxg5 f5 13. Bxh5 Qxh5 14. Ne6 Rf7 15. Nxg7 Rxg7 16. dxe5 Nxe5 17. Nd5 Qf7 18. Qc3 c6 19. Nf4 h5 20. h4 Be6 21. c5 Bd5 22. Nxd5 Qxd5 23. cxd6 Ng4 24. Rad1 Qe6 25. Qb3 Qxb3 26. axb3 Rd8 27. Rd2 Rdd7 28. b4 Kf8 29. b5 cxb5 30. Rc1 a6 31. Rc8+ Kf7 32. Rc7 Ke6 33. Rdc2 Nxe3 34. Re2 f4 35. Bxf4 Rxg2+ 36. Kh1 Rg4 37. Rxe3+ Kd5 38. Rxd7 Rxh4+ 39. Bh2 1-0


[Site "https://www.chess.com"]

[Event "Titled Tuesday Blitz August 09 Early 2022"]
[White "Antonio, Rogelio Jr"]
[Black "Gurevich, Dmitry"]
[WhiteFideId "5200032"]
[BlackFideId "2000407"]
[WhiteElo "2415"]
[BlackElo "2506"]
[Result "1/2-1/2"]
[Round "04"]
[TimeControl "180+1"]
[Date "2022.08.09"]
[WhiteClock "0:00:58"]
[BlackClock "0:00:17"]

1. e4 c5 2. Nf3 d6 3. d4 cxd4 4. Qxd4 e6 5. c4 a6 6. Nc3 Nf6 7. Be2 Be7 8. O-O b6 9. Be3 Nbd7 10. h3 Qc7 11. Rac1 O-O 12. b4 Bb7 13. a3 Rab8 14. Rfd1 Rfd8 15. Nd5 exd5 16. cxd5 Nc5 17. bxc5 bxc5 18. Qa4 Bc8 19. Nd2 Nd7 20. Nc4 Bf6 21. Bd2 Ne5 22. Ba5 Qd7 23. Qc2 Re8 24. Nb6 Qa7 25. Nxc8 Rexc8 26. Rb1 c4 27. Bc3 Qc5 28. a4 Rb3 29. Bxe5 Rxb1 30. Rxb1 Bxe5 31. Qxc4 Qxc4 32. Bxc4 a5 33. Bb5 Rc2 34. Bd3 Rc8 35. g3 g5 36. Kf1 Rc3 37. Ke2 Ra3 38. Bb5 Ra2+ 39. Kf3 h5 40. g4 h4 41. Rd1 Kg7 42. Re1 Bd4 43. Re2 Rxe2 44. Kxe2 Kf6 45. Be8 Ke7 46. Bc6 Kf6 47. f3 Ke5 48. Kf1 Kf4 49. Kg2 f6 50. Bb5 Bc5 51. Bd7 Bd4 52. Bf5 Bc5 53. Be6 Bd4 54. Bd7 Bc5 55. Bb5 Bd4 56. Be2 Bc5 57. Bd1 Bd4 58. Bc2 Bc5 59. Bd3 Bd4 60. Bb5 Bc5 61. Bd7 Bd4 62. Be6 Bc5 63. Bf5 Bd4 64. Bg6 Bc5 65. Be8 Bd4 66. Bb5 1/2-1/2


[Site "https://www.chess.com"]

[Event "Titled Tuesday Blitz August 09 Early 2022"]
[White "Atakhan, Abtin"]
[Black "Makarian, Rudik"]
[WhiteFideId "22502203"]
[BlackFideId "44105681"]
[WhiteElo "2711"]
[BlackElo "2856"]
[Result "0-1"]
[Round "04"]
[TimeControl "180+1"]
[Date "2022.08.09"]
[WhiteClock "0:00:06"]
[BlackClock "0:00:08"]

1. d4 Nf6 2. c4 g6 3. Nc3 Bg7 4. e4 d6 5. Be2 O-O 6. Be3 Nc6 7. d5 Ne5 8. f4 Neg4 9. Bd2 Nh6 10. Nf3 c6 11. Qc1 b5 12. dxc6 bxc4 13. h3 Qb6 14. f5 Nxf5 15. exf5 Bxf5 16. Bxc4 Qxc6 17. Be2 Ne4 18. O-O Rab8 19. g4 Nxd2 20. Qxd2 Rxb2 21. Qxb2 Bxc3 22. Qc1 Be4 23. Qe3 Bxa1 24. Rxa1 Rb8 25. Nd4 Qd5 26. Rc1 Kg7 27. Nc6 Rc8 28. Qc3+ f6 29. Rd1 Qxc6 30. Qe3 Qc5 31. Rd5 Qc1+ 0-1


[Site "https://www.chess.com"]

[Event "Titled Tuesday Blitz August 09 Early 2022"]
[White "Averjanov, Alexey"]
[Black "Can, Melih Kaan"]
[WhiteFideId "14109867"]
[BlackFideId "6317383"]
[WhiteElo "2650"]
[BlackElo "2049"]
[Result "0-1"]
[Round "04"]
[TimeControl "180+1"]
[Date "2022.08.09"]
[WhiteClock "0:00:10"]
[BlackClock "0:00:14"]

1. d4 Nf6 2. c4 c5 3. d5 e6 4. Nc3 exd5 5. cxd5 d6 6. Nf3 g6 7. Nd2 Bg7 8. g3 O-O 9. Bg2 Nbd7 10. O-O Re8 11. h3 a6 12. a4 Rb8 13. a5 b5 14. axb6 Nxb6 15. Nb3 Nc4 16. Ra4 Nb6 17. Ra2 Nc4 18. Ra4 Nb6 19. Ra1 Bd7 20. Rxa6 Qc8 21. Ra7 Bxh3 22. Na5 Bxg2 23. Kxg2 Ra8 24. Rxa8 Qxa8 25. Nc6 Nfxd5 26. Nxd5 Qxc6 27. e4 Rxe4 28. Nxb6 Qxb6 29. Qd5 Re8 30. Bf4 Be5 31. Bxe5 Rxe5 32. Qd2 d5 33. Ra1 Qc6 34. Kg1 Re8 35. Ra7 d4 36. Kh2 Qf3 37. Ra3 Qh5+ 38. Kg2 Re2 39. Qf4 Qd5+ 40. Kh2 Re1 41. f3 Qh5+ 42. Qh4 Re2+ 43. Kh3 Qxh4+ 44. Kxh4 Rxb2 45. Kg5 Kg7 46. Ra5 Rc2 47. f4 h6+ 48. Kg4 d3 49. Kf3 d2 50. Ke2 c4 51. Ra2 Rxa2 0-1


[Site "https://www.chess.com"]

[Event "Titled Tuesday Blitz August 09 Early 2022"]
[White "Avinash, Ramesh"]
[Black "Filippova, Margarita"]
[WhiteFideId "45018340"]
[BlackFideId "34199680"]
[WhiteElo "1901"]
[BlackElo "1734"]
[Result "1-0"]
[Round "04"]
[TimeControl "180+1"]
[Date "2022.08.09"]
[WhiteClock "0:00:34"]
[BlackClock "0:00:25"]

1. b3 Nf6 2. Bb2 g6 3. g3 Bg7 4. Bg2 O-O 5. d4 d5 6. Nf3 b6 7. O-O Bb7 8. c4 dxc4 9. bxc4 Nbd7 10. Nc3 Re8 11. Qc2 e5 12. dxe5 Nxe5 13. Nxe5 Bxg2 14. Kxg2 Rxe5 15. Rad1 Qe8 16. Qd3 Ne4 17. Nb5 Nc5 18. Qf3 Re7 19. Bxg7 Kxg7 20. Nc3 c6 21. Rd6 Ne4 22. Nxe4 Rxe4 23. Qf6+ Kg8 24. Rfd1 Re7 25. e3 b5 26. Rxc6 bxc4 27. Rxc4 Re6 28. Qf3 Rd8 29. Rxd8 Qxd8 30. Rd4 Rd6 31. Rf4 Qd7 32. g4 Qe6 33. h4 Qd5 34. Qxd5 Rxd5 35. Ra4 Rd7 36. Ra6 Kg7 37. Kg3 h5 38. g5 Rb7 39. f3 Rc7 40. Kf4 Rb7 41. e4 Rc7 42. Ke5 Rb7 43. f4 Rb5+ 44. Kd4 Rb4+ 45. Kd5 Rb5+ 46. Kc6 Rb4 47. Kd5 Rb5+ 48. Kd4 Rb4+ 49. Ke3 Rb7 50. a4 Rb3+ 51. Kd4 Rb4+ 52. Kd5 Rb7 53. e5 Rb4 54. Rxa7 Kf8 55. e6 fxe6+ 56. Ke5 Rb1 57. Kf6 Ke8 58. Kxg6 1-0


[Site "https://www.chess.com"]

[Event "Titled Tuesday Blitz August 09 Early 2022"]
[White "Baches Garcia, Guillermo"]
[Black "Samunenkov, Ihor"]
[WhiteFideId "2209764"]
[BlackFideId "14187086"]
[WhiteElo "2515"]
[BlackElo "2441"]
[Result "1/2-1/2"]
[Round "04"]
[TimeControl "180+1"]
[Date "2022.08.09"]
[WhiteClock "0:00:03"]
[BlackClock "0:00:06"]

1. e4 c6 2. d4 d5 3. exd5 cxd5 4. Bd3 Nc6 5. c3 Qc7 6. Na3 a6 7. Nc2 e6 8. Nf3 Bd6 9. O-O Nge7 10. Re1 Bd7 11. b3 O-O 12. c4 dxc4 13. bxc4 Ng6 14. g3 Rad8 15. Bb2 Rfe8 16. Ne3 e5 17. Nd5 Qb8 18. Qc2 Bg4 19. Nxe5 Ncxe5 20. dxe5 Bxe5 21. Bxe5 Rxe5 22. Qb2 Rde8 23. Rxe5 Nxe5 24. Bf1 Nf3+ 25. Kh1 b5 26. Ne3 Bd7 27. Bg2 Bc6 28. cxb5 axb5 29. Rc1 Ba8 30. Nf5 Ne5 31. f4 Bxg2+ 32. Kxg2 Qa8+ 33. Kh3 Qe4 34. Qc2 Nd3 35. Qc8 Nxf4+ 36. gxf4 Qf3+ 37. Ng3 Qe3 38. Qc3 Qe6+ 39. f5 Qh6+ 40. Kg2 b4 41. Qc2 Qb6 42. Rf1 Qb7+ 43. Rf3 Qe7 44. Qf2 h6 45. Rd3 Qb7+ 46. Qf3 Qa6 47. Rd2 Qa5 48. Rf2 f6 49. Qg4 Qa7 50. Kh3 Kh8 51. Rg2 Qf7 52. Qg6 Qe7 53. Nh5 Rg8 54. Nxf6 Qxf6 55. Qxf6 gxf6 56. Rxg8+ Kxg8 57. Kg4 Kf7 58. Kh4 Kg7 59. Kg4 Kf7 60. Kh4 Kg7 61. Kg4 Kf7 1/2-1/2


[Site "https://www.chess.com"]

[Event "Titled Tuesday Blitz August 09 Early 2022"]
[White "Bashirli, Saadat"]
[Black "Mikhalsky, Vladimir"]
[WhiteFideId "13429990"]
[BlackFideId "14144352"]
[WhiteElo "1173"]
[BlackElo "2301"]
[Result "0-1"]
[Round "04"]
[TimeControl "180+1"]
[Date "2022.08.09"]
[WhiteClock "0:00:35"]
[BlackClock "0:00:19"]

1. d4 Nf6 2. Bg5 c5 3. dxc5 Ne4 4. Bf4 Nxc5 5. Nc3 Nc6 6. e3 g6 7. Bc4 Bg7 8. Qd5 Ne6 9. Nf3 Nb4 10. Qd2 Nxf4 11. exf4 d5 12. Bb5+ Bd7 13. Nxd5 Nxd5 14. Qxd5 Qa5+ 15. Qd2 Qxd2+ 16. Nxd2 Bxb5 17. c3 O-O-O 18. O-O-O e5 19. fxe5 Bxe5 20. Nf3 Bf4+ 21. Kb1 Rxd1+ 22. Rxd1 Rd8 23. Re1 Bd3+ 24. Ka1 Be4 25. Nd4 Bd5 26. f3 Bxh2 27. Rh1 Be5 28. Rxh7 Bxd4 29. cxd4 Be6 30. Rh4 Kc7 31. Kb1 Kd6 32. Kc2 Kd5 33. Kd3 Bf5+ 34. Kc3 Rc8+ 35. Kb3 Rc4 36. a3 Rxd4 37. Rh7 Be6 38. Kc2 Kc4 39. b3+ Kc5 40. Rh8 a5 41. Kc3 Rf4 42. Ra8 b6 43. Ra7 Kb5 44. Rc7 Rf5 45. a4+ Ka6 46. b4 axb4+ 47. Kxb4 Rf4+ 48. Ka3 Rc4 49. Re7 Rc2 50. g3 Rc3+ 51. Kb2 Rb3+ 52. Kc2 Rxf3 53. g4 Rf4 54. g5 Rxa4 55. Re8 Rg4 56. Rh8 Rxg5 57. Re8 Rg3 58. Rh8 Rf3 59. Kd2 g5 60. Ke2 g4 61. Rg8 Bc4+ 62. Ke1 g3 63. Rg4 Kb5 64. Rg5+ f5 65. Rg8 f4 66. Rg5+ Kb4 67. Kd2 Rf2+ 68. Kc1 g2 69. Kb1 Kc3 70. Rxg2 Rxg2 71. Ka1 f3 72. Kb1 f2 73. Ka1 f1=B 74. Kb1 b5 75. Ka1 b4 76. Kb1 b3 77. Ka1 b2+ 78. Kb1 Bfd3# 0-1


[Site "https://www.chess.com"]

[Event "Titled Tuesday Blitz August 09 Early 2022"]
[White "Bazeev, German"]
[Black "Seliverstov, Vladimir"]
[WhiteFideId "24119350"]
[BlackFideId "4192036"]
[WhiteElo "2493"]
[BlackElo "2489"]
[Result "1/2-1/2"]
[Round "04"]
[TimeControl "180+1"]
[Date "2022.08.09"]
[WhiteClock "0:00:10"]
[BlackClock "0:00:09"]

1. d4 g6 2. e4 Bg7 3. Nc3 d6 4. f4 a6 5. Be2 b5 6. Bf3 Bb7 7. e5 Bxf3 8. Qxf3 Nd7 9. Nge2 c5 10. dxc5 Nxc5 11. Be3 Rc8 12. O-O-O Nh6 13. Bxc5 Rxc5 14. Ne4 Rc4 15. exd6 O-O 16. Kb1 Nf5 17. d7 Qc7 18. Qd3 Rd8 19. g4 Nd4 20. f5 Nxe2 21. Qxe2 Rxd7 22. c3 Rxd1+ 23. Rxd1 Qe5 24. Rd8+ Bf8 25. Ng3 Qxe2 26. Nxe2 Rxg4 27. fxg6 hxg6 28. Ra8 Rg2 29. Nd4 Rxh2 30. Rxa6 g5 31. Rb6 g4 32. Rxb5 f6 33. Rf5 Bh6 34. a4 Be3 35. a5 g3 36. Rf3 g2 37. Rg3+ Kf7 38. Nf3 Rh1+ 39. Ka2 g1=Q 40. Nxg1 Bxg1 41. b4 f5 42. b5 f4 43. Rg4 e5 44. b6 Bxb6 45. axb6 Rh6 46. Rg5 Rxb6 47. Rxe5 f3 48. Re1 Re6 49. Rf1 Re2+ 50. Kb3 f2 51. Kc4 Ke6 52. Kd3 Ra2 53. Ke3 Kd5 54. Rxf2 Rxf2 55. Kxf2 Kc4 56. Kg2 Kxc3 1/2-1/2


[Site "https://www.chess.com"]

[Event "Titled Tuesday Blitz August 09 Early 2022"]
[White "Begunov, Konstantin"]
[Black "Vlassov, Nikolai"]
[WhiteFideId "4118510"]
[BlackFideId "4103360"]
[WhiteElo "2262"]
[BlackElo "2324"]
[Result "0-1"]
[Round "04"]
[TimeControl "180+1"]
[Date "2022.08.09"]
[WhiteClock "0:00:20"]
[BlackClock "0:02:09"]

1. d4 Nf6 2. c4 Nc6 3. Nc3 e5 4. d5 Ne7 5. h4 Neg8 6. Nf3 Ng4 7. a3 a5 8. g3 Bc5 9. Ne4 Ba7 10. e3 f5 11. Nc3 d6 12. b4 N8f6 13. Bb2 O-O 14. Bg2 f4 15. Nb5 fxe3 16. Nxa7 exf2+ 17. Kf1 Ne3+ 18. Kxf2 Nxd1+ 19. Rhxd1 Rxa7 20. Kg1 axb4 21. axb4 Rxa1 22. Bxa1 Bg4 23. Rd3 e4 0-1


[Site "https://www.chess.com"]

[Event "Titled Tuesday Blitz August 09 Early 2022"]
[White "Belov, Vladimir"]
[Black "Dilanyan, Grigor"]
[WhiteFideId "4132394"]
[BlackFideId "13303570"]
[WhiteElo "2501"]
[BlackElo "2264"]
[Result "1-0"]
[Round "04"]
[TimeControl "180+1"]
[Date "2022.08.09"]
[WhiteClock "0:00:25"]
[BlackClock "0:00:54"]

1. d4 Nf6 2. c4 c5 3. d5 b5 4. cxb5 a6 5. b6 g6 6. Nc3 Bg7 7. e4 O-O 8. Nf3 Qxb6 9. Nd2 e6 10. Nc4 Qd8 11. Be2 exd5 12. exd5 a5 13. O-O Na6 14. d6 Bb7 15. a3 Ne4 16. Nxe4 Bxe4 17. Bf3 Bxf3 18. Qxf3 Rb8 19. Bd2 a4 20. Bc3 Rb3 21. Rac1 Qh4 22. Qd5 Bxc3 23. Rxc3 Qd4 24. Rd1 Qxd5 25. Rxd5 Rxc3 26. bxc3 Rb8 27. Kf1 f6 28. Ke2 Kf7 29. Rd3 Re8+ 30. Kd2 Re4 31. Nb6 Ke6 32. f3 Re5 33. Nxa4 Rd5 34. Nb6 Rxd6 35. Rxd6+ Kxd6 36. c4 Nc7 37. Kd3 Kc6 38. Nc8 Ne6 39. Ne7+ Kd6 40. Nd5 f5 41. h4 h6 42. a4 Nc7 43. Nxc7 Kxc7 44. g4 fxg4 45. fxg4 Kb6 46. Ke4 Ka5 47. Kd5 Kxa4 48. Kxc5 Kb3 49. Kd4 h5 50. g5 Kb4 51. c5 Kb5 52. Kd5 Kb4 53. Kd6 Kc4 54. Kxd7 Kxc5 55. Ke6 Kd4 56. Kf6 Ke4 57. Kxg6 Kf4 58. Kxh5 Kf5 59. Kh6 1-0


[Site "https://www.chess.com"]

[Event "Titled Tuesday Blitz August 09 Early 2022"]
[White "Bilych, Olexiy"]
[Black "Estrada Nieto, Julian"]
[WhiteFideId "14156504"]
[BlackFideId "5101018"]
[WhiteElo "2157"]
[BlackElo "2252"]
[Result "1-0"]
[Round "04"]
[TimeControl "180+1"]
[Date "2022.08.09"]
[WhiteClock "0:00:18"]
[BlackClock "0:00:03"]

1. d4 d5 2. c4 dxc4 3. e4 e5 4. Nf3 exd4 5. Bxc4 Nc6 6. O-O Be6 7. Nbd2 Bc5 8. Qb3 Bxc4 9. Qxc4 Bb6 10. b4 a6 11. Bb2 Nge7 12. Nb3 O-O 13. Rad1 Qc8 14. Nbxd4 Qg4 15. Nb3 Ng6 16. h3 Qe6 17. Qxe6 fxe6 18. Rd7 Rf7 19. Rfd1 Raf8 20. Nc5 Bxc5 21. bxc5 h6 22. g3 e5 23. Rxf7 Rxf7 24. Kg2 Re7 25. Bc3 Kf7 26. h4 b5 27. cxb6 cxb6 28. h5 Nf8 29. Rd6 Nd4 30. Rxb6 Nxf3 31. Kxf3 Ne6 32. Rxa6 Nc5 33. Rc6 Na4 34. Bb4 Rb7 35. a3 Nb6 36. Kg4 Nd7 37. Kf5 Nf6 38. g4 Rd7 39. Re6 Rd3 40. Re7+ Kg8 41. Kg6 Rd8 42. Rxg7+ Kh8 43. Kxf6 Rc8 44. Rg6 Rc6+ 45. Kxe5 Rxg6 46. hxg6 Kg7 47. Kf5 1-0


[Site "https://www.chess.com"]

[Event "Titled Tuesday Blitz August 09 Early 2022"]
[White "Bolourchifard, Farzad"]
[Black "Koutlas, Nikolaos"]
[WhiteFideId "12510084"]
[BlackFideId "25827138"]
[WhiteElo "2317"]
[BlackElo "1738"]
[Result "1-0"]
[Round "04"]
[TimeControl "180+1"]
[Date "2022.08.09"]
[WhiteClock "0:00:25"]
[BlackClock "0:00:12"]

1. e4 c5 2. Nc3 Nc6 3. g3 g6 4. Bg2 Bg7 5. d3 e5 6. Be3 d6 7. Qd2 Nge7 8. Bh6 O-O 9. h4 f5 10. Bxg7 Kxg7 11. h5 f4 12. hxg6 hxg6 13. Nge2 g5 14. O-O-O Ng6 15. gxf4 gxf4 16. Bf3 Rh8 17. Bh5 Be6 18. Bxg6 Kxg6 19. Nxf4+ exf4 20. Rhg1+ Kf7 21. Qxf4+ Qf6 22. Qxd6 Rad8 23. Qxc5 Qe5 24. Qe3 Rh3 25. Qd2 Nd4 26. f4 Qa5 27. f5 Bxa2 28. Qg2 Rdh8 29. Qg7+ Ke8 30. Qxd4 Bf7 31. Qa4+ Qxa4 32. Nxa4 Rh2 33. Rd2 R2h6 34. b3 Ra6 35. Kb2 b5 36. Nc5 Rc6 37. d4 Rh3 38. e5 Bd5 39. f6 b4 40. Ra1 a6 41. Rxa6 Rxa6 42. Nxa6 Rc3 43. Nxb4 Be4 44. Kxc3 Bf5 45. Kc4 Be6+ 46. Kc5 Bxb3 47. c4 Kf7 48. Nd3 Ke6 49. Nf4+ Kd7 50. d5 Ke8 51. Kd4 Kf7 52. c5 Ba4 53. Rb2 Bd7 54. Rb7 Ke8 55. Rxd7 Kxd7 56. c6+ Ke8 57. e6 Kf8 58. Ke5 1-0


[Site "https://www.chess.com"]

[Event "Titled Tuesday Blitz August 09 Early 2022"]
[White "Bortnyk, Olexandr"]
[Black "Harsh Suresh"]
[WhiteFideId "14120828"]
[BlackFideId "45018464"]
[WhiteElo "2723"]
[BlackElo "2070"]
[Result "1-0"]
[Round "04"]
[TimeControl "180+1"]
[Date "2022.08.09"]
[WhiteClock "0:00:07"]
[BlackClock "0:00:04"]

1. d4 g6 2. Nc3 Bg7 3. e4 d6 4. Be3 a6 5. Qd2 b5 6. a3 Bb7 7. f4 Nf6 8. Bd3 Nbd7 9. Nf3 O-O 10. e5 Nd5 11. Nxd5 Bxd5 12. O-O Nb6 13. Qf2 e6 14. b3 f6 15. exf6 Qxf6 16. Nd2 e5 17. fxe5 Qxf2+ 18. Bxf2 dxe5 19. c4 bxc4 20. bxc4 Bb7 21. d5 e4 22. Nxe4 Bxa1 23. Rxa1 a5 24. Rb1 Ba6 25. Bxb6 cxb6 26. Rxb6 Rfb8 27. Re6 Rb3 28. Nc5 Rxa3 29. Be2 Ra1+ 30. Kf2 Rf8+ 31. Ke3 Bc8 32. Re7 a4 33. Kd4 a3 34. Kc3 Bf5 35. Ra7 Rb8 36. g4 a2 37. gxf5 Rc1+ 38. Kd4 a1=Q+ 39. Rxa1 Rxa1 40. f6 Rb2 41. Bg4 Kf7 42. Ne4 Ra6 43. d6 Rxh2 44. d7 Ra8 45. Ke5 Rh4 46. Nd6+ Kf8 47. Nc8 Ra5+ 48. Kd6 Ra6+ 49. Kc7 Rxg4 50. d8=Q+ Kf7 51. Qe7+ Kg8 52. Qg7# 1-0


[Site "https://www.chess.com"]

[Event "Titled Tuesday Blitz August 09 Early 2022"]
[White "Broca Jimenez, Fernando"]
[Black "Antonio, Jorge Carlos"]
[WhiteFideId "5104742"]
[BlackFideId "113190"]
[WhiteElo "2062"]
[BlackElo "2247"]
[Result "0-1"]
[Round "04"]
[TimeControl "180+1"]
[Date "2022.08.09"]
[WhiteClock "0:00:02"]
[BlackClock "0:00:26"]

1. e4 c5 2. Nf3 e6 3. d4 cxd4 4. Nxd4 a6 5. g3 Nc6 6. Bg2 Nf6 7. O-O Qc7 8. Bg5 Bc5 9. Nb3 Be7 10. Nc3 d6 11. Qe2 h6 12. Be3 Ne5 13. Rad1 O-O 14. h3 Nc4 15. Bc1 Bd7 16. Kh2 b5 17. f4 Rfd8 18. Nd4 b4 19. Nb1 e5 20. Nf5 Bxf5 21. exf5 e4 22. Bxe4 Nxe4 23. Qxe4 Bf6 24. c3 a5 25. Qd3 d5 26. Be3 Nxe3 27. Qxe3 Re8 28. Qd3 Rad8 29. Rfe1 bxc3 30. Nxc3 Bxc3 31. Qxc3 Qxc3 32. bxc3 Rxe1 33. Rxe1 Rc8 34. Rc1 d4 35. c4 Kf8 36. Kg2 Ke7 37. Kf2 Kd6 38. Ke2 Kc5 39. Kd3 Re8 40. Rb1 Re3+ 41. Kd2 Rxg3 42. Rb5+ Kxc4 43. Rxa5 Rxh3 44. Ra8 Rh2+ 45. Kc1 Kc3 46. Rc8+ Kd3 47. a4 Ke4 48. Rf8 h5 49. Rxf7 Rg2 50. a5 d3 51. a6 Ra2 52. Rxg7 Kxf5 0-1


[Site "https://www.chess.com"]

[Event "Titled Tuesday Blitz August 09 Early 2022"]
[White "Bychkov, Vladimir"]
[Black "Ferreira, Vitor Hugo Vieira"]
[WhiteFideId "24151513"]
[BlackFideId "2119765"]
[WhiteElo "2197"]
[BlackElo "2168"]
[Result "0-1"]
[Round "04"]
[TimeControl "180+1"]
[Date "2022.08.09"]
[WhiteClock "0:01:07"]
[BlackClock "0:01:16"]

1. e4 c5 2. Nc3 Nc6 3. f4 e6 4. Nf3 a6 5. e5 Nh6 6. Ne4 Nf5 7. a4 Be7 8. d3 O-O 9. g3 d5 10. exd6 Nxd6 11. Bg2 Nxe4 12. dxe4 Qxd1+ 13. Kxd1 Rd8+ 14. Ke2 Bd7 15. c3 Na5 16. Ne5 Be8 17. Be3 f6 18. Nd3 Nc4 19. b3 Nxe3 20. Kxe3 Bc6 21. a5 Rd7 22. Rhd1 Rad8 23. Bf3 Rb8 24. Nb2 Rxd1 25. Rxd1 b6 26. Nc4 bxa5 27. Nxa5 Be8 28. Be2 Bd8 29. Ra1 Bxa5 30. Rxa5 Rxb3 31. Bc4 Rxc3+ 32. Kd2 Rxc4 33. Rxa6 Rxe4 0-1


[Site "https://www.chess.com"]

[Event "Titled Tuesday Blitz August 09 Early 2022"]
[White "Chernikov, Vladimir"]
[Black "Aradhya, Garg"]
[WhiteFideId "14112914"]
[BlackFideId "25006746"]
[WhiteElo "2095"]
[BlackElo "2203"]
[Result "0-1"]
[Round "04"]
[TimeControl "180+1"]
[Date "2022.08.09"]
[WhiteClock "0:01:08"]
[BlackClock "0:01:49"]

1. b3 e5 2. Bb2 Nc6 3. c4 Nf6 4. e3 a5 5. a3 g6 6. Nf3 d6 7. d4 Bg7 8. dxe5 Ng4 9. Qd2 Ngxe5 10. Nxe5 Nxe5 11. f4 Qh4+ 12. Kd1 Bg4+ 13. Kc1 Rd8 14. g3 Qh5 15. fxe5 dxe5 16. Bd3 Bf5 17. Be2 Rxd2 18. Bxh5 Rc2+ 19. Kd1 Rxb2 20. Bf3 Rxb1+ 21. Rxb1 Bxb1 22. e4 Ba2 23. Kc2 a4 0-1


[Site "https://www.chess.com"]

[Event "Titled Tuesday Blitz August 09 Early 2022"]
[White "Chernomordik, Pavel"]
[Black "Dev, Shah"]
[WhiteFideId "2804530"]
[BlackFideId "35019058"]
[WhiteElo "2217"]
[BlackElo "2048"]
[Result "0-1"]
[Round "04"]
[TimeControl "180+1"]
[Date "2022.08.09"]
[WhiteClock "0:00:37"]
[BlackClock "0:00:42"]

1. e4 e5 2. Nf3 Nc6 3. Bb5 a6 4. Ba4 Nf6 5. Qe2 b5 6. Bb3 Bc5 7. a4 Rb8 8. axb5 axb5 9. c3 d6 10. h3 h6 11. O-O g5 12. d4 exd4 13. e5 d3 14. Qe1 dxe5 15. Nxe5 Nxe5 16. Qxe5+ Qe7 17. Re1 Kf8 18. Qxe7+ Bxe7 19. Be3 c5 20. Ra7 c4 21. Bd1 Bb7 22. Na3 Bxa3 23. bxa3 Kg7 24. Bd4 Kg6 25. Be5 Rhe8 26. Kf1 Ne4 27. Rxb7 Nd2+ 28. Kg1 Rxb7 29. Re3 f6 30. Bd4 Rxe3 31. fxe3 Ne4 32. Bf3 f5 33. g4 Rb8 34. gxf5+ Kxf5 35. Bg4+ Kg6 36. Kf1 Rf8+ 37. Ke1 d2+ 38. Kd1 Rf1+ 39. Kc2 Rc1+ 0-1


[Site "https://www.chess.com"]

[Event "Titled Tuesday Blitz August 09 Early 2022"]
[White "Concio, Michael Jr."]
[Black "Jain, Naveen"]
[WhiteFideId "5217873"]
[BlackFideId "5003970"]
[WhiteElo "1896"]
[BlackElo "2036"]
[Result "0-1"]
[Round "04"]
[TimeControl "180+1"]
[Date "2022.08.09"]
[WhiteClock "0:00:17"]
[BlackClock "0:01:42"]

1. Nf3 Nf6 2. c4 g6 3. Nc3 Bg7 4. e4 d6 5. d4 O-O 6. g3 c5 7. Bg2 cxd4 8. Nxd4 Nc6 9. Nxc6 bxc6 10. e5 dxe5 11. Qxd8 Rxd8 12. Bxc6 Rb8 13. O-O Be6 14. b3 e4 15. Ba3 Ng4 16. Nxe4 Bxa1 17. Rxa1 Ne5 18. Ba4 Rd4 19. Nc5 Bh3 20. Na6 Nf3+ 21. Kh1 Rbd8 22. b4 Rd2 0-1


[Site "https://www.chess.com"]

[Event "Titled Tuesday Blitz August 09 Early 2022"]
[White "Costachi, Mihnea"]
[Black "Omariev, Maksim"]
[WhiteFideId "1217518"]
[BlackFideId "4193423"]
[WhiteElo "2437"]
[BlackElo "2523"]
[Result "1-0"]
[Round "04"]
[TimeControl "180+1"]
[Date "2022.08.09"]
[WhiteClock "0:00:58"]
[BlackClock "0:00:01"]

1. e4 c5 2. Nf3 d6 3. b3 Nf6 4. d3 Nc6 5. Bb2 e5 6. g3 Be7 7. Bg2 O-O 8. O-O Ne8 9. Nc3 Nc7 10. Nd5 Be6 11. Nxc7 Qxc7 12. c3 f5 13. exf5 Bxf5 14. d4 cxd4 15. cxd4 e4 16. Nd2 d5 17. a3 Qb6 18. Re1 Bf6 19. b4 Nxd4 20. Nb3 Nf3+ 21. Bxf3 Bxb2 22. Bg2 Bxa1 23. Qxa1 Rad8 24. Nd4 Bg4 25. h3 Bc8 26. Qc3 Qf6 27. Qe3 a6 28. Rf1 Qb6 29. Qd2 h6 30. Kh2 Qd6 31. Qe3 Kh8 32. Rd1 Qe5 33. Ne2 Be6 34. Nf4 Bf7 35. Rd4 Rd6 36. h4 Rfd8 37. Bh3 Kg8 38. Bg2 Qf6 39. Rd2 Qe5 40. Qc5 g5 41. hxg5 hxg5 42. Ne2 Rh6+ 43. Kg1 Qa1+ 44. Bf1 Rh1+ 45. Kxh1 Qxf1+ 46. Kh2 Be6 47. Ng1 Kf7 48. Qc7+ Rd7 49. Qe5 Rd8 50. Rc2 Rd7 51. Qxg5 Ke8 52. Rc8+ Kf7 53. Rg8 Qxf2+ 54. Kh1 Qf1 55. Qg7# 1-0


[Site "https://www.chess.com"]

[Event "Titled Tuesday Blitz August 09 Early 2022"]
[White "Csonka, Balazs"]
[Black "Kazancev, Valerij M"]
[WhiteFideId "742910"]
[BlackFideId "4179609"]
[WhiteElo "2404"]
[BlackElo "2552"]
[Result "0-1"]
[Round "04"]
[TimeControl "180+1"]
[Date "2022.08.09"]
[WhiteClock "0:00:01"]
[BlackClock "0:00:19"]

1. d4 Nf6 2. c4 e6 3. Nf3 d5 4. g3 Nbd7 5. Bg2 dxc4 6. O-O c6 7. Nc3 Bb4 8. Qc2 O-O 9. Rd1 h6 10. e4 a6 11. e5 Nd5 12. Ne4 b5 13. b3 N7b6 14. h4 Ra7 15. h5 Rc7 16. g4 c5 17. a3 cxb3 18. Qb2 c4 19. axb4 Na4 20. Rxa4 bxa4 21. Qa3 c3 22. Qxa4 b2 23. Bxb2 cxb2 24. Qb3 Nf4 25. Qxb2 Bb7 26. Nd6 Nxg2 27. Kxg2 Qh4 28. Nxb7 Qxg4+ 29. Kh2 Qxf3 30. Nc5 Qxh5+ 31. Kg2 Qg4+ 32. Kh2 Rd8 33. Qc3 Rd5 34. Qe3 Qh4+ 35. Kg2 a5 36. bxa5 Rcxc5 37. dxc5 Qg4+ 38. Qg3 Qxd1 39. Qxg7+ Kxg7 0-1


[Site "https://www.chess.com"]